 Dungeon Sprint DCSS version 0.15-a0-2293-g46567fe (webtiles) character file.

13792 BluebellGnoll the Fetichist (level 11, -4/107 (108) HPs)
             Began as a Deep Dwarf Artificer on July 30, 2014.
             Was the Champion of Makhleb.
             Killed from afar by a storm dragon (7 damage)
             ... with a bolt of lightning
             ... in the Dungeon (Sprint V: "Ziggurat Sprint").
             The game lasted 00:29:34 (552 turns).

BluebellGnoll the Fetichist (Deep Dwarf Artificer)   Turns: 552, Time: 00:29:35

HP  -4/107 (108) AC 28     Str 24      XL: 11   Next: 80%
MP  27/27        EV  1     Int 17      God: Makhleb [******]
Gold 0           SH 31     Dex 19      Spells:  1 memorised,  8 levels left

rFire  + . .     SeeInvis +     O - +14 obsidian axe {chop, +Fly Str+3 SInv Curse}
rCold  + . .     Clarity  .     W - +9 gold dragon armour of Beauty {rPois rF+ rC+ MR++ Int+1}
rNeg   + . .     rCorr    .     Q - +18 shield of the gong {rElec rN+ MR+ EV-5}
rPois  +         rRot     .     (no helmet)
rElec  +         Spirit   .     (no cloak)
SustAb .         Warding  .     (no gloves)
rMut   +         NoTele   +     (no boots)
Gourm  .                        d - amulet of resist mutation
MR     ++++.                    v - +6 ring of strength
                                r - +6 ring of dexterity

@: mesmerised, non-regenerating, rotting, studying Throwing, repel missiles,
incredibly resistant to hostile enchantments, extremely unstealthy
A: damage resistance, recharge devices, sense surroundings 2, slow healing 3
a: Device Recharging, Minor Destruction, Lesser Servant of Makhleb, Major
Destruction, Greater Servant of Makhleb, Renounce Religion, Evoke Flight


You were in the Dungeon.
You worshipped Makhleb.
Makhleb was exalted by your worship.
You were full.

You visited 1 branch

Inventory:

Hand weapons
 O - the +14 obsidian axe (weapon) {chop, +Fly Str+3 SInv Curse}
   (You found it in the Dungeon)

   It inflicts extra damage upon your enemies.
   It affects your strength (+3).
   It enhances your eyesight.
   It lets you fly.
   It may recurse itself when equipped.
 S - a +5 broad axe of protection
Armour
 Q - the +18 shield of the gong (worn) {rElec rN+ MR+ EV-5}
   (You found it in the Dungeon)

   It affects your evasion (-5).
   It insulates you from electricity.
   It protects you from negative energy.
   It affects your resistance to hostile enchantments.
 W - the +9 gold dragon armour of Beauty (worn) {rPois rF+ rC+ MR++ Int+1}
   (You found it in the Dungeon)

   It affects your intelligence (+1).
   It protects you from fire.
   It protects you from cold.
   It protects you from poison.
   It affects your resistance to hostile enchantments.
Magical devices
 b - a wand of flame (15)
 c - a wand of enslavement (15)
 f - a wand of heal wounds (8)
 n - a wand of disintegration (7)
 o - a wand of fire (4)
 p - a wand of cold (5)
 q - a wand of draining (5)
Comestibles
 g - 5 bread rations
 z - 36 fruits
 A - 4 meat rations
Scrolls
 m - 4 scrolls of blinking
 B - 4 scrolls of recharging
 C - 7 scrolls of fog
 E - 5 scrolls of identify
 F - 4 scrolls of remove curse
 G - 2 scrolls of fear
Jewellery
 d - an amulet of resist mutation (around neck)
 r - a +6 ring of dexterity (left hand)
 s - an uncursed ring of poison resistance
 u - a +6 ring of intelligence
 v - a +6 ring of strength (right hand)
 L - an uncursed ring of sustain abilities
 P - an uncursed ring of protection from fire
 T - an uncursed amulet of warding
 Y - an uncursed amulet of resist corrosion
Potions
 h - 9 potions of curing
 i - 7 potions of heal wounds
 j - 8 potions of haste
 k - 7 potions of magic
 l - 3 potions of berserk rage
 H - 2 potions of brilliance
 I - 2 potions of invisibility
 J - 2 potions of restore abilities
 K - 4 potions of resistance
 M - 4 potions of agility
 N - 4 potions of might
Books
 X - a manual of Throwing
Miscellaneous
 a - a phial of floods
 e - a box of beasts {used: 3}
 t - a fan of gales
 w - a stone of tremors
 x - a disc of storms
 y - a box of beasts
 D - a lamp of fire
 R - a fan of gales
 U - a sack of spiders
 V - a stone of tremors
Rods
 Z - a +3 rod of clouds (11/11)
   (You found it in the Dungeon)


   Skills:
 * Level 10.1 Fighting
   Level 1.2 Short Blades
 + Level 13.4 Axes
 - Level 13.1 Armour
 - Level 12.4 Dodging
 - Level 1.2 Stealth
 - Level 11.4 Shields
 - Level 14.0 Invocations
 + Level 16.3 Evocations


You had 8 spell levels left.
You knew the following spells:

 Your Spells              Type           Power        Failure   Level  Hunger
a - Repel Missiles        Chrm/Air       #.....       100%        2    ###....


Dungeon Overview and Level Annotations

Branches:
Dungeon (1/1)

Altars:
Ashenzari
Cheibriados
Dithmenos
Elyvilon
Fedhas
Gozag
Kikubaaqudgha
Makhleb
Nemelex Xobeh
Okawaru
Qazlal
Sif Muna
Trog
Vehumet
Xom
Yredelemnul
Zin
The Shining One
Beogh
Jiyva
Lugonu


Innate Abilities, Weirdness & Mutations

You are resistant to damage.
You can recharge devices by infusing magical energy.
You passively map the area around you.
You do not heal naturally.


Message History

Unknown command.
Evoke which item? (* to show all) (? for menu, Esc to quit)
You reach into the bag... ...but nothing happens.
Visions of slaying the storm dragon flood into your mind.
Your air elemental hits the air elemental but does no damage.
The air elemental hits your air elemental!
Your fire elemental hits the storm dragon.
Your fire elemental burns the storm dragon!
The storm dragon dies!
Makhleb accepts your collateral kill.
Your Fighting skill increases to level 10!
Your Evocations skill increases to level 16!
Your fan of gales has recharged.
Your lamp of fire has recharged.
Your phial of floods has recharged.
An air elemental merges itself into the air. x2
An air elemental forms itself from the air!
The storm dragon breathes lightning at you.
The bolt of lightning hits the spriggan air mage.
The spriggan air mage resists.
The bolt of lightning hits you! You resist.
You die...

. ..[:).[)}..▓▓.....▓.....▓.
..▓...........▓▓.....▓.....▓.
.▓§........§§▓▓.....▓.....▓.
..▓§...≈D≈....▓▓.....▓.....▓.
▓§§..≈ii≈E..▓▓.....▓.....▓▓ .
.▓...ED≈k%...▓▓▓▓▓▓▓▓▓▓▓▓▓▓▓
. ▓§.▓.kDD.▓D.▓..8©8...▓..8©8
▓
.▓....≈EE...§▓..:)|...▓.."}[
. ▓....iE.E.@§▓........▓..}3)
.▓▓▓▓▓▓▓▓▓▓▓▓▓........▓.....
. ▓....8©8....▓........▓.....
▓ ▓..).))=:...▓.▓....▓.▓.▓...
8 ▓...[[.E.|..▓........▓.....
▓.....§.....▓▓▓▓▓▓▓▓▓▓▓▓▓▓▓
▓...........▓...8©8...▓..8© .
▓...........▓..|4[....▓...)
▓...........▓...[|)...▓..|3


You could see 5 storm dragons, 2 wind drakes, 3 spriggan air magi, an air
elemental, a friendly water elemental, 2 friendly fire elementals and 2 friendly
air elementals.

Vanquished Creatures
  A Shadow Fiend (D)
  A vampire knight (D)
  2 death oozes (D)
  A vampire mage (D)
  2 shining eyes (D)
  A spiny frog (D)
  A wind drake (D)
  A merfolk (D)
  A blink frog (D)
  3 slime creatures (D)
  A yak (D)
  2 spriggans (D)
  A vampire (D)
  A shadow (D)
  An air elemental (D)
  4 wolves (D)
  A naga (D)
  A water moccasin (D)
  3 porcupines (D)
  A black bear (D)
  A crocodile (D)
  4 giant frogs (D)
  A jelly (D)
  2 wights (D)
  A quasit (D)
  2 sheep (D)
  2 adders (D)
  A green rat (D)
  A worm zombie (D)
  A shadow imp (D)
  4 giant mites (D)
  3 ufetubi (D)
  An adder zombie (D)
  2 orcs (D)
  2 ball pythons (D)
  A goblin (D)
  A hobgoblin (D)
  A jackal (D)
  A goblin skeleton (D)
  A hobgoblin skeleton (D)
  A hobgoblin zombie (D)
  A kobold skeleton (D)
  A quokka skeleton (D)
  A rat skeleton (D)
  A spectral goblin (D)
68 creatures vanquished.

Vanquished Creatures (collateral kills)
  A storm dragon (D)
  An Executioner (D)
  2 death oozes (D)
  A great orb of eyes (D)
  A skeletal warrior (D)
  A giant orange brain (D)
  A cyclops (D)
  2 eyes of devastation (D)
  2 black mambas (D)
  A komodo dragon (D)
  2 slime creatures (D)
  A merfolk (D)
  A blink frog (D)
  A vampire (D)
  2 spriggans (D)
  A yak (D)
  A wolf (D)
  A necrophage (D)
  2 black bears (D)
  A phantom (D)
  A centaur (D)
  A yellow wasp (D)
  2 giant frogs (D)
  2 jellies (D)
  2 iguanas (D)
  A sheep (D)
  A green rat (D)
  3 oozes (D)
  A bat (D)
  A bat skeleton (D)
  A hobgoblin (D)
  A rat skeleton (D)
43 creatures vanquished.

Vanquished Creatures (others)
  A fire elemental (D)
  8 water elementals (D)
  3 earth elementals (D)
  3 chimeras (D)
  2 ufetubi (D)
17 creatures vanquished.

Grand Total: 128 creatures vanquished

Notes
Turn   | Place    | Note
--------------------------------------------------------------
     0 | D        | BluebellGnoll, the Deep Dwarf Artificer, began the quest for the Orb.
     0 | D        | Reached XP level 1. HP: 16/16 MP: 1/1
     0 | D        | Found a roughly hewn altar of Beogh.
     0 | D        | Found a corrupted altar of Lugonu.
     1 | D        | Found a white marble altar of Elyvilon.
     2 | D        | Found a sparkling altar of Nemelex Xobeh.
     2 | D        | Found a burning altar of Makhleb.
     2 | D        | Found a deep blue altar of Sif Muna.
     3 | D        | Found a bloodstained altar of Trog.
     6 | D        | Found an iron altar of Okawaru.
    10 | D        | Found a radiant altar of Vehumet.
    11 | D        | Found an ancient bone altar of Kikubaaqudgha.
    12 | D        | Found a basalt altar of Yredelemnul.
    26 | D        | Found a shimmering altar of Xom.
    74 | D        | Became a worshipper of Makhleb the Destroyer
    77 | D        | Reached skill level 8 in Armour
    77 | D        | Reached XP level 2. HP: 24/24 MP: 3/3
    80 | D        | Entered arena 1.
    83 | D        | Reached skill level 1 in Fighting
    83 | D        | Reached skill level 1 in Short Blades
    86 | D        | Acquired Makhleb's first power
    99 | D        | Entered arena 2.
    99 | D        | Noticed a giant frog
    99 | D        | Noticed a giant frog
   101 | D        | Killed a giant frog
   101 | D        | Reached skill level 5 in Fighting
   101 | D        | Reached XP level 3. HP: 29/39 MP: 5/5
   101 | D        | Reached XP level 4. HP: 34/46 MP: 6/6
   101 | D        | Killed a giant frog
   101 | D        | Acquired Makhleb's second power
   102 | D        | Reached XP level 5. HP: 48/57 MP: 8/8
   108 | D        | Entered arena 3.
   110 | D        | Reached skill level 1 in Axes
   111 | D        | Acquired Makhleb's third power
   111 | D        | Reached skill level 1 in Shields
   115 | D        | Acquired Makhleb's fourth power
   120 | D        | Entered arena 4.
   120 | D        | Noticed a quasit
   123 | D        | Killed a quasit
   133 | D        | Entered arena 5.
   133 | D        | Noticed an iguana
   133 | D        | Noticed a porcupine
   133 | D        | Noticed a yak
   133 | D        | Noticed a porcupine
   133 | D        | Noticed a porcupine
   135 | D        | Killed a porcupine
   135 | D        | Acquired Makhleb's fifth power
   135 | D        | Reached skill level 5 in Shields
   135 | D        | Reached XP level 6. HP: 66/66 MP: 10/10
   137 | D        | Killed a porcupine
   138 | D        | Killed a porcupine
   139 | D        | Killed an iguana
   139 | D        | Reached XP level 7. HP: 72/72 MP: 11/11
   140 | D        | Killed a yak
   140 | D        | Reached skill level 9 in Axes
   154 | D        | Entered arena 6.
   154 | D        | Noticed a black mamba
   154 | D        | Noticed a naga
   154 | D        | Noticed a water moccasin
   160 | D        | Killed a naga
   161 | D        | Killed a water moccasin
   162 | D        | Killed a black mamba
   162 | D        | Reached skill level 5 in Invocations
   162 | D        | Reached skill level 10 in Evocations
   162 | D        | Reached XP level 8. HP: 80/80 MP: 12/20
   180 | D        | Entered arena 7.
   180 | D        | Noticed a spiny frog
   180 | D        | Noticed a wolf
   180 | D        | Noticed a giant frog
   180 | D        | Noticed a giant frog
   181 | D        | Killed a wolf
   181 | D        | Reached skill level 11 in Evocations
   184 | D        | Killed a giant frog
   187 | D        | Killed a giant frog
   187 | D        | Reached skill level 12 in Evocations
   187 | D        | Killed a spiny frog
   187 | D        | Reached skill level 13 in Evocations
   200 | D        | Entered arena 8.
   200 | D        | Noticed a merfolk
   200 | D        | Noticed a cyclops
   200 | D        | Noticed a merfolk
   200 | D        | Noticed a centaur
   203 | D        | Killed a centaur
   207 | D        | Killed a merfolk
   207 | D        | Reached skill level 10 in Shields
   209 | D        | Killed a cyclops
   209 | D        | Gained mutation: You passively map the area around you. [level up]
   209 | D        | Reached XP level 9. HP: 81/86 MP: 21/24
   215 | D        | Killed a merfolk
   244 | D        | Entered arena 9.
   244 | D        | Noticed a phantom
   244 | D        | Noticed a necrophage
   247 | D        | Killed a necrophage
   251 | D        | Killed a phantom
   261 | D        | Got the +9 gold dragon armour of Beauty {rPois rF+ rC+ MR++ Int+1}
   275 | D        | Entered arena 10.
   275 | D        | Noticed a spriggan
   275 | D        | Noticed a spriggan rider
   275 | D        | Noticed a spriggan
   275 | D        | Noticed a spriggan
   275 | D        | Noticed a black bear
   275 | D        | Noticed a black bear
   275 | D        | Noticed a wolf
   275 | D        | Noticed a wolf
   276 | D        | Noticed a wolf
   276 | D        | Killed a wolf
   276 | D        | Reached skill level 5 in Dodging
   280 | D        | Killed a wolf
   280 | D        | Killed a spriggan
   282 | D        | Killed a black bear
   283 | D        | Killed a black bear
   284 | D        | Killed a spriggan
   284 | D        | Killed a spriggan
   284 | D        | Reached skill level 10 in Invocations
   285 | D        | Killed a wolf
   286 | D        | Killed a yellow wasp
   286 | D        | Killed a spriggan
   332 | D        | Entered arena 11.
   332 | D        | Noticed a jelly
   332 | D        | Noticed a death ooze
   332 | D        | Noticed a slime creature
   332 | D        | Noticed an eye of devastation
   332 | D        | Noticed a death ooze
   332 | D        | Noticed a shining eye
   332 | D        | Noticed a slime creature
   336 | D        | Noticed a slime creature
   340 | D        | Killed a death ooze
   340 | D        | Reached XP level 10. HP: 61/94 MP: 25/25
   341 | D        | Killed a shining eye
   341 | D        | Reached skill level 10 in Dodging
   342 | D        | Killed a death ooze
   343 | D        | Killed a slime creature
   344 | D        | Killed a jelly
   344 | D        | Killed a slime creature
   346 | D        | Killed a slime creature
   346 | D        | Killed an eye of devastation
   346 | D        | Reached skill level 14 in Invocations
   347 | D        | Killed a jelly
   363 | D        | Entered arena 12.
   363 | D        | Noticed a vampire
   363 | D        | Noticed a skeletal warrior
   363 | D        | Noticed a wight
   363 | D        | Noticed a vampire
   363 | D        | Noticed a vampire mage
   363 | D        | Noticed a vampire knight
   363 | D        | Noticed a shadow
   364 | D        | Noticed a lich
   365 | D        | Noticed a wight
   368 | D        | Killed a vampire mage
   368 | D        | Killed a shadow
   368 | D        | Reached skill level 10 in Armour
   368 | D        | Killed a wight
   368 | D        | Killed a wight
   368 | D        | Killed a vampire
   369 | D        | Killed a vampire
   371 | D        | Noticed a Shadow Fiend
   372 | D        | Killed a skeletal warrior
   376 | D        | Noticed an Executioner
   380 | D        | Killed a vampire knight
   380 | D        | Reached XP level 11. HP: 54/100 MP: 27/27
   386 | D        | Killed an Executioner
   389 | D        | Killed a Shadow Fiend
   445 | D        | Entered arena 13.
   445 | D        | Noticed a giant frog
   445 | D        | Noticed a yak
   446 | D        | Noticed a blink frog
   446 | D        | Noticed an iguana
   446 | D        | Noticed a giant frog
   446 | D        | Noticed a crocodile
   447 | D        | Noticed a wolf
   447 | D        | Noticed a blink frog
   448 | D        | Noticed a komodo dragon
   448 | D        | Noticed a black mamba
   448 | D        | Killed a crocodile
   449 | D        | Noticed a black bear
   450 | D        | Killed a yak
   451 | D        | Killed a blink frog
   451 | D        | Killed a giant frog
   452 | D        | Killed an iguana
   452 | D        | Killed a giant frog
   452 | D        | Killed a blink frog
   453 | D        | Killed a black mamba
   453 | D        | Reached skill level 15 in Evocations
   454 | D        | Killed a black bear
   455 | D        | Killed a wolf
   455 | D        | Killed a komodo dragon
   477 | D        | Got the ring "Kuraam" {EV+3 Stlth+}
   486 | D        | Identified the Guide on Enhancements and the Birds (You found it in the Dungeon)
   489 | D        | Learned a level 2 spell: Repel Missiles
   504 | D        | Entered arena 14.
   504 | D        | Noticed a death ooze
   504 | D        | Noticed a death ooze
   509 | D        | Noticed a slime creature
   509 | D        | Noticed a great orb of eyes
   509 | D        | Noticed a shining eye
   509 | D        | Noticed a slime creature
   510 | D        | Noticed a slime creature
   511 | D        | Noticed a jelly
   512 | D        | Killed a jelly
   513 | D        | Noticed an eye of devastation
   513 | D        | Noticed a slime creature
   513 | D        | Noticed a slime creature
   513 | D        | Killed a death ooze
   513 | D        | Reached skill level 10 in Axes
   514 | D        | Noticed a giant orange brain
   519 | D        | Killed a shining eye
   519 | D        | Killed a great orb of eyes
   521 | D        | Killed a death ooze
   521 | D        | Killed an enormous slime creature
   524 | D        | Killed a slime creature
   524 | D        | Killed a giant orange brain
   526 | D        | Killed an eye of devastation
   544 | D        | Entered arena 15.
   544 | D        | Noticed a storm dragon
   544 | D        | Noticed a spriggan air mage
   544 | D        | Noticed an air elemental
   545 | D        | Noticed a storm dragon
   545 | D        | Noticed a wind drake
   545 | D        | Noticed a storm dragon
   545 | D        | Noticed a wind drake
   545 | D        | Noticed a spriggan air mage
   545 | D        | Noticed a storm dragon
   546 | D        | Noticed an air elemental
   546 | D        | Noticed a wind drake
   546 | D        | Killed an air elemental
   547 | D        | Noticed a storm dragon
   547 | D        | Noticed a storm dragon
   548 | D        | Noticed a spriggan air mage
   551 | D        | Killed a wind drake
   551 | D        | HP: 3/107 [spriggan air mage/the air (11)]
   552 | D        | Killed a storm dragon
   552 | D        | Reached skill level 10 in Fighting
   552 | D        | Reached skill level 16 in Evocations
   552 | D        | Killed from afar by a storm dragon

Action                   |  1- 3 |  4- 6 |  7- 9 | 10-12 || total
-------------------------+-------+-------+-------+-------++-------
Melee: Broad axe         |     4 |    12 |    38 |    41 ||    95
 Cast: Repel Missiles    |       |       |       |     1 ||     1
 Abil: Device Recharging |       |       |       |     1 ||     1
Evoke: Phial of floods   |       |       |     3 |     4 ||     7
       Box of beasts     |       |       |     1 |     3 ||     4
       Stone of tremors  |       |       |     1 |     2 ||     3
       Wand              |       |       |       |     4 ||     4
       Fan of gales      |       |       |       |     4 ||     4
       Lamp of fire      |       |       |       |     1 ||     1
       Sack of spiders   |       |       |       |     1 ||     1
  Use: Potion            |     3 |       |     1 |     5 ||     9
       Scroll            |       |       |     2 |     1 ||     3
 Stab: Distracted        |       |       |       |     2 ||     2
  Eat: Fruit             |     6 |       |       |       ||     6
